 Dungeon Crawl Stone Soup version 0.22-a0-441-gcf5b0c64b7 (webtiles) character file.

178 RedPan the Vexing (level 5, -5/35 HPs)
             Began as a Vampire Enchanter on May 30, 2018.
             Slain by kusayu's ghost (13 damage)
             ... on level 3 of the Dungeon.
             The game lasted 00:12:39 (4500 turns).

RedPan the Vexing (Vampire Enchanter)               Turns: 4500, Time: 00:12:39

Health: -5/35      AC:  3    Str:  7    XL:     5   Next: 32%
Magic:  4/8        EV: 13    Int: 19    God:
Gold:   101        SH:  2    Dex: 14    Spells: 2/8 levels left

rFire    x . .     SeeInvis +   a - +1 dagger
rCold    + + +     Gourm    .   (no shield)
rNeg     + + +     Faith    .   b - +1 robe
rPois    ∞         Spirit   .   (no helmet)
rElec    .         Reflect  +   (no cloak)
rCorr    .         Harm     .   (no gloves)
MR       .....                  (no boots)
Stlth    +++++.....             l - +2 amulet of reflection
HPRegen  0.00/turn              j - ring of protection from cold
MPRegen  0.11/turn              u - ring of ice

@: bloodless, non-regenerating
A: fangs 3, see invisible, unbreathing
a: Bat Form


You were on level 3 of the Dungeon.
You were bloodless.

You visited 1 branch of the dungeon, and saw 3 of its levels.

You collected 101 gold pieces.

Inventory:

Hand Weapons
 a - a +1 dagger (weapon)
Armour
 b - a +1 robe (worn)
 v - a +0 large shield
Jewellery
 h - a +2 ring of intelligence
 j - a ring of protection from cold (left hand)
 l - a +2 amulet of reflection (around neck)
 m - an uncursed amulet of guardian spirit {unknown}
 n - a +4 ring of strength
 q - a +1 ring of evasion
 u - a ring of ice (right hand)
 x - an uncursed ring of wizardry {unknown}
Wands
 p - a wand of iceblast (4)
Scrolls
 k - 2 scrolls of enchant armour
 o - a scroll of teleportation {unknown}
 s - a scroll of fear {unknown}
 t - a scroll of amnesia {unknown}
Potions
 c - 4 potions of curing
 d - 24 potions of blood
 e - a potion of agility {unknown}
 f - a potion of magic {unknown}
 g - a potion of flight {unknown}
 i - 2 potions of brilliance
 r - a potion of mutation {unknown}
 w - a potion of lignification {unknown}


   Skills:
 + Level 3.0 Short Blades
 + Level 2.9 Dodging
 + Level 6.0 Stealth
 + Level 2.4 Spellcasting
 - Level 6.0 Hexes


You had 2 spell levels left.
You knew the following spells:

 Your Spells              Type           Power        Failure   Level  Hunger
a - Corona                Hex            ####...      1%          1    #......
b - Ensorcelled Hibernat  Hex/Ice        ###...       7%          2    ##.....
c - Confuse               Hex            ####....     4%          3    ###....

Your spell library contained the following spells:

 Spells                   Type           Power        Failure   Level  Hunger
 Tukima's Dance           Hex            ####....     4%          3    ###....
 Dazzling Spray           Conj/Hex       ##....       14%         3    ###....


Dungeon Overview and Level Annotations

Branches:
Dungeon (3/15)

Altars:
Sif Muna

Annotations:
D:3 kusayu's ghost, amateur GrFi


Innate Abilities, Weirdness & Mutations

You do not heal naturally.
You are immune to poison.
You have razor-sharp teeth.
You have supernaturally acute eyesight. (SInv)
You can survive without breathing.


Message History

You hit kusayu's ghost but do no damage.
Kusayu's ghost is moderately damaged.
You hit kusayu's ghost but do no damage.
Kusayu's ghost is moderately damaged.
Kusayu's ghost seems less confused.
Kusayu's ghost grins evilly.
Kusayu's ghost barely misses you.
You hit kusayu's ghost but do no damage.
Kusayu's ghost is moderately damaged.
Kusayu's ghost hits you!
* * * LOW HITPOINT WARNING * * *
You see here 16 arrows.
Casting: Confuse (safe; 4% risk of failure)
Confirm with . or Enter, or press ? or * to list all spells.
Aiming: Confuse (safe; 4% risk of failure)
Press: ? - help, Shift-Dir - straight line, f/p - kusayu's ghost
Aim: kusayu's ghost (lightly damaged, chance to defeat MR: 43%) Kusayu's ghost resists with some effort.
Kusayu's ghost hits you!
You die...

....#.##.#...............
##..#.##.##..........#
.<#.#.##.........#...#
....#.######..##.#...#
#####............)...#
.......######..#.##..#
######.### ##.#l# ..# #
#.#.. ..#W# ..# #
#.#.#####.#@##..# #
#.#.#...........# ####
#.#.#.#....#....# #...
#.#.#.#.#.#_#...# #...
#.#.#..%#.[#....# #...
#.#<#.#.#[[.....# #...
#.#.....#....#..# #...
#.#.......#.##..# #...
#.[.....#.......# #...


You could see kusayu's ghost and a leopard gecko.

Vanquished Creatures
  6 adders
  An ooze (D:1)
  3 worms
  5 dart slugs
  A leopard gecko (D:3)
  7 orcs
  A ball python (D:3)
  4 giant cockroaches
  19 goblins
  10 hobgoblins
  3 jackals
  14 kobolds
  2 quokkas
  3 bats
  3 frilled lizards
  7 rats
89 creatures vanquished.

Notes
Turn   | Place    | Note
-------+----------+-------------------------------------------
     0 | D:1      | RedPan the Vampire Enchanter began the quest for the Orb.
     0 | D:1      | Reached XP level 1. HP: 13/13 MP: 3/3
   254 | D:1      | Reached XP level 2. HP: 8/19 MP: 5/5
   260 | D:1      | Learned a level 2 spell: Ensorcelled Hibernation
   495 | D:1      | Reached skill level 5 in Hexes
   846 | D:1      | Reached skill level 5 in Stealth
  1168 | D:1      | Reached XP level 3. HP: 24/24 MP: 6/6
  2467 | D:2      | Reached XP level 4. HP: 30/30 MP: 0/7
  2475 | D:2      | Learned a level 3 spell: Confuse
  2574 | D:2      | Found a deep blue altar of Sif Muna.
  3344 | D:3      | Found a faded altar of an unknown god.
  3403 | D:3      | Noticed kusayu's ghost (amateur GrFi)
  4004 | D:3      | Reached XP level 5. HP: 35/35 MP: 8/8
  4500 | D:3      | Slain by kusayu's ghost

Vault maps used:
D:1:      lemuel_arrival_hallway, minmay_pentomino_z4
D:2:      kennysheep_six_static_rooms, lemuel_blue_sif_altar, first_ration,
          serial_corexii_hall, corexii_hall_statues_i, corexii_hall_statues_s,
          kennysheep_big_empty_room, hangedman_decor_opposing,
          minmay_misc_feat_encased, serial_bayou_ford_a, dk_noncrumbling_4,
          minmay_goblin_outpost
D:3:      lemuel_crystal_altar, chequers_ecumenical_altar_simple, uniq_grinder

Skill      XL: |  1  2  3  4  5 |
---------------+----------------+-----
Hexes          | 5 6 |  6.0
Stealth        | 5 6 |  6.0
Short Blades   | 2 3 |  3.0
Dodging        | |  2.9
Spellcasting   | |  2.4

Action                   |  1- 3 |  4- 6 || total
-------------------------+-------+-------++-------
Melee: Dagger            |   127 |   136 ||   263
       Bite              |     9 |     5 ||    14
 Cast: Ensorcelled Hiber |    23 |    18 ||    41
       Confuse           |       |     2 ||     2
  Use: Scroll            |     4 |     2 ||     6
       Potion            |     2 |     2 ||     4
 Stab: Sleeping          |    18 |    30 ||    48
       Distracted        |       |     1 ||     1
       Confused          |       |     1 ||     1
Armor: Robe              |    11 |    22 ||    33
Dodge: Dodged            |    58 |    43 ||   101
Block: Other             |       |     6 ||     6

Table legend:
 A = Spawn XP
 B = Non-spawn XP
 C = Spawn XP percentage of total XP
 D = Spawn monster count
 E = Non-spawn monster count
 F = Spawn count percentage of total count
 G = Total turns spent on level
                    A         B        C        D         E        F      G
               +---------+---------+-------+---------+---------+-------+---------
         Total |       0 |     255 |   0.0 |       0 |      89 |   0.0 |  4500
               +---------+---------+-------+---------+---------+-------+---------
           D:1 |       0 |      54 |   0.0 |       0 |      26 |   0.0 |  1652
           D:2 |       0 |     106 |   0.0 |       0 |      37 |   0.0 |  2251
           D:3 |       0 |      95 |   0.0 |       0 |      26 |   0.0 |   597
               +---------+---------+-------+---------+---------+-------+---------
